 Dungeon Crawl Stone Soup version 0.29-a0-919-gd064cfad1c (webtiles) character file.

Game seed: 2016059967138614313

19973 nickcage the Devastator (level 12, -20/81 HPs)
             Began as a Pale Draconian Conjurer on July 14, 2022.
             Was an Elder of Vehumet.
             Killed from afar by a frost giant (27 damage)
             ... with a bolt of cold
             ... in an ice cave on July 26, 2022.
             The game lasted 01:50:30 (15980 turns).

nickcage the Devastator (Pale Draconian Conjurer)  Turns: 15980, Time: 01:50:30

Health: -20/81     AC: 15    Str:  9    XL:     12   Next: 41%
Magic:  2/26       EV: 12    Int: 24    God:    Vehumet [****..]
Gold:   412        SH:  0    Dex: 10    Spells: 6/31 levels left

rFire   . . .      SeeInvis .   L - +1 demon whip (venom)
rCold   . . .      Faith    .   (no shield)
rNeg    . . .      Spirit   .   (body armour unavailable)
rPois   +          Reflect  .   (helmet restricted)
rElec   .          Harm     .   p - +2 cloak
rCorr   .          Rampage  .   N - +0 pair of gloves
Will    +....                   H - +2 pair of boots {Fly}
Stlth   ++........              y - amulet of regeneration
HPRegen 1.03/turn               f - ring of willpower
MPRegen 0.20/turn               I - ring of poison resistance

@: short of breath, flying
A: breathe steam, AC +8, unfitting armour, cold-blooded, steam resistance
a: Breathe Steam, Renounce Religion


You were in an ice cave.
You worshipped Vehumet.
Vehumet was greatly pleased with you.
You visited 1 branch of the dungeon, and saw 11 of its levels.
You also visited: Ice Cave.

You collected 741 gold pieces.
You spent 329 gold pieces at shops.

Inventory:

Hand Weapons
 C - a +3 vorpal spear
 L - a +1 demon whip of venom (weapon)
 M - a +6 short sword of protection
Armour
 p - a +2 cloak (worn)
 t - a +0 buckler
 H - a +2 pair of boots of flying (worn)
 N - a +0 pair of gloves (worn)
Magical Staves
 u - a staff of death
Jewellery
 f - a ring of willpower (left hand)
 g - a ring of willpower
 s - a ring of positive energy
 y - an amulet of regeneration (around neck)
 I - a ring of poison resistance (right hand)
Wands
 i - a wand of flame (11)
 o - a wand of mindburst (12)
 v - a wand of light (11)
 x - a wand of polymorph (18)
 D - a wand of roots (5)
 E - a wand of paralysis (8)
Scrolls
 b - 4 scrolls of teleportation
 c - 6 scrolls of noise
 n - a scroll of summoning {unknown}
 B - 3 scrolls of vulnerability
 F - 2 scrolls of blinking
 K - a scroll of brand weapon
Potions
 a - 2 potions of magic
 d - 2 potions of ambrosia
 e - 3 potions of haste
 j - a potion of degeneration
 k - 2 potions of brilliance
 l - 8 potions of curing
 m - 3 potions of lignification
 r - a potion of flight
 w - a potion of resistance
 z - a potion of cancellation
 A - 3 potions of attraction {unknown}
 G - a potion of might {unknown}
 J - 2 potions of heal wounds {unknown}
Miscellaneous
 q - a tin of tremorstones (2/2)


   Skills:
 - Level 1.7 Dodging
 - Level 1.7 Stealth
 + Level 10.0 Spellcasting
 + Level 15.0 Conjurations
 * Level 4.1 Hexes
 - Level 4.4 Translocations
 * Level 6.1 Transmutations
 - Level 3.0 Fire Magic
 - Level 4.1 Air Magic


You had 6 spell levels left.
You knew the following spells:

 Your Spells              Type           Power      Damage    Failure   Level
a - Magic Dart            Conj           100%       1d8       0%          1
b - Searing Ray           Conj           100%       2d8       0%          2
c - Fulminant Prism       Conj/Hex       27%        3d14      1%          4
d - Iskenderun's Mystic   Conj/Tloc      56%        2d12      1%          4
e - Poisonous Vapours     Pois/Air       44%        N/A       1%          2
f - Yara's Violent Unrav  Hex/Tmut       18%        3d9       5%          5
g - Sticky Flame          Conj/Fire      53%        2d7       1%          4
h - Mephitic Cloud        Conj/Pois/Air  42%        N/A       1%          3

Your spell library contained the following spells:

 Spells                   Type           Power      Damage    Failure   Level
 Apportation              Tloc           66%        N/A       1%          1
 Freeze                   Ice            48%        1d7       1%          1
 Sandblast                Erth           24%        2d8       1%          1
 Static Discharge         Conj/Air       55%        3-10/arc  1%          2
 Dazzling Flash           Conj/Hex       100%       N/A       1%          3
 Stone Arrow              Conj/Erth      96%        3d13      1%          3
 Hailstorm                Conj/Ice       48%        3d11      1%          4
 Passwall                 Tmut/Erth      21%        N/A       2%          2
 Ensorcelled Hibernation  Hex/Ice        42%        N/A       3%          2
 Frozen Ramparts          Ice            24%        1d4       4%          3
 Necrotise                Necr           48%        1d6       5%          1
 Summon Small Mammal      Summ           48%        N/A       5%          1
 Summon Guardian Golem    Hex/Summ       21%        N/A       7%          3
 Call Canine Familiar     Summ           12%        N/A       16%         3
 Leda's Liquefaction      Hex/Erth       10%        N/A       22%         4
 Alistair's Intoxication  Tmut/Pois      17%        N/A       38%         5
 Eringya's Noxious Bog    Tmut/Pois      13%        N/A       50%         6
 Summon Forest            Summ/Tloc      11%        N/A       52%         5
 Summon Hydra             Summ           6%         N/A       100%        7


Dungeon Overview and Level Annotations

Branches:
Dungeon (11/15)            Temple (0/1) D:6            Lair (0/6) D:11
    Orc (0/2) D:10          IceCv (1/1)

Altars:
Ashenzari
Kikubaaqudgha
Nemelex Xobeh
Okawaru
Qazlal
Ru
Sif Muna
Vehumet
Xom

Shops:
D:6 *   D:10 =[

Annotations:
D:8 2 transporters
D:9 4 runed translucent doors, Maurice IceCv exclusion: ice statue


Innate Abilities, Weirdness & Mutations

You can breathe blasts of scalding, opaque steam.
Your pale cyan-grey scales are hard. (AC +8)
You cannot fit into any form of body armour.
You are cold-blooded and may be slowed by cold attacks.
You are immune to the effects of steam.


Message History

Press: ? - help, Shift-Dir - straight line, f - frost giant
Aim: a frost giant, wielding a +3 battleaxe of freezing (heavily wounded, ally target, 100% to hit)
The sticky flame hits the frost giant but does no damage.
The frost giant is heavily wounded.
The frost giant is covered in liquid flames!
The frost giant burns!
The frost giant casts a spell at you. The bolt of cold hits you!!!
Ouch! That really hurt!
* * * LOW HITPOINT WARNING * * *
Your fulminant prism explodes!
The blast of energy engulfs the frost giant!
The frost giant is heavily wounded.
Casting: Sticky Flame (safe; 1% risk of failure)
Confirm with . or Enter, or press ? or * to list all spells.
You erupt in a blast of force!
The mystic blast hits the frost giant!
The frost giant is severely wounded.
The frost giant is knocked back by the mystic blast.
The frost giant burns!
Press: ? - help, v - describe, . - travel
Here: a frost giant, wielding a +3 battleaxe of freezing (severely wounded, covered in liquid flames)
The floor.
Casting: Iskenderun's Mystic Blast (safe; 1% risk of failure)
Confirm with . or Enter, or press ? or * to list all spells.
Aiming: Yara's Violent Unravelling (dangerous; 5% risk of failure)
Press: ? - help, Dir - move target, f/p - frost giant
Aim: a frost giant, wielding a +3 battleaxe of freezing (severely wounded, covered in liquid flames)
The frost giant's magical effects unravel!
The enchantments explode!
The frost giant twists and deforms.
The unravelling engulfs the frost giant.
The frost giant is severely wounded.
Casting: Yara's Violent Unravelling (dangerous; 5% risk of failure)
Confirm with . or Enter, or press ? or * to list all spells.
You don't have enough magic to cast this spell.
Okay, then.
The air fills with toxic fumes!
As you read the scroll of poison, it crumbles to dust.
The frost giant casts a spell at you. The bolt of cold hits you!!
You die...

#...##
#.#..##
#.#.#
##.#...#
##.###
#C###.C##
#.##
#.###...##
#.##
#..###...#
#.§# #..#
##..# ##§#
##.# #...
##§# ##..#
#... #@##
#..## ##..
#C## #..#
## ##.
#§§##
##†####.
##
##§§###..#
#[.. #.
#§§§#..##
#.8.##.
##§§§..#
#!.....
#§§§§##
##.#†.#
#§§§##
#### ##..#


You could see a frost giant (misshapen).

Vanquished Creatures
  A boulder beetle (D:11)
  A hydra (D:11)
  A two-headed ogre (D:11)
  3 death yaks (IceCv)
  Amaemon (D:9)
  Sonja (D:10)
  Lodul (D:10)
  Joseph (D:8)
  An orange demon (D:9)
  2 gargoyles (D:11)
  2 unseen horrors
  Psyche (D:9)
  A troll (D:10)
  5 polar bears (IceCv)
  Sigmund (D:3)
  A shadow (D:10)
  28 yaks
  A steam dragon (D:9)
  2 water moccasins
  An acid dragon (D:11)
  4 orc warriors
  2 ice beasts
  A black bear (D:11)
  2 sky beasts
  16 wolves (IceCv)
  12 ogres
  3 centaurs
  2 phantoms (D:10)
  3 kobold brigands
  7 bullfrogs
  2 necrophages (D:7)
  2 gnoll sergeants
  3 scorpions
  5 wights (D:7)
  A troll zombie (D:10)
  11 killer bees (D:9)
  3 howler monkeys
  2 jellies (D:5)
  13 orc priests
  Crazy Yiuf (D:6)
  2 gnoll boudas
  2 hounds
  2 iguanas
  8 orc wizards
  5 ogre zombies (D:10)
  8 adders
  16 gnolls
  2 shadow imps
  A white imp (D:5)
  4 ufetubi
  A dart slug (D:3)
  28 orcs
  6 bats
  7 endoplasms
  3 giant cockroaches
  12 goblins
  9 hobgoblins
  6 jackals
  19 kobolds
  5 quokkas
  5 ball pythons
  6 frilled lizards
  2 goblin skeletons (D:10)
  3 goblin zombies (D:10)
  A hobgoblin skeleton (D:10)
  13 orc zombies (D:10)
  8 rats
335 creatures vanquished.

Vanquished Creatures (others)
  46 fulminant prisms
  52 fungi
  42 plants (D:11)
  10 withered plants (D:7)
150 creatures vanquished.

Grand Total: 485 creatures vanquished

Notes
Turn   | Place    | Note
-------+----------+-------------------------------------------
     0 | D:1      | nickcage the Draconian Conjurer began the quest for the
                  | Orb.
     0 | D:1      | Reached XP level 1. HP: 14/14 MP: 3/3
   340 | D:1      | Reached XP level 2. HP: 20/20 MP: 1/5
   343 | D:1      | Learned a level 2 spell: Searing Ray
  1053 | D:1      | Found a faded altar of an unknown god.
  1641 | D:2      | Reached XP level 3. HP: 20/26 MP: 0/6
  1935 | D:2      | You fall into a shaft and drop 2 floors!
  1940 | D:4      | Noticed an ogre
  1969 | D:3      | Noticed Sigmund
  1973 | D:3      | Killed Sigmund
  1974 | D:3      | Reached skill level 6 in Conjurations
  1974 | D:3      | Reached XP level 4. HP: 33/33 MP: 1/8
  1974 | D:3      | Reached XP level 5. HP: 38/38 MP: 1/9
  2166 | D:3      | Found a shimmering altar of Xom.
  2992 | D:3      | Reached XP level 6. HP: 45/45 MP: 2/11
  3201 | D:3      | Found a stormy altar of Qazlal.
  3887 | D:3      | Found a broken altar of Ashenzari.
  3907 | D:3      | Learned a level 4 spell: Fulminant Prism
  3912 | D:3      | Learned a level 4 spell: Iskenderun's Mystic Blast
  3943 | D:4      | Reached skill level 7 in Conjurations
  4438 | D:4      | Your scales start taking on a pale cyan-grey colour.
  4438 | D:4      | Reached XP level 7. HP: 50/50 MP: 7/13
  4438 | D:4      | Gained mutation: You are immune to the effects of steam.
                  | [Pale Draconian growth]
  4742 | D:5      | Entered Level 5 of the Dungeon
  4744 | D:5      | Identified a scroll of acquirement
  4744 | D:5      | Acquired the Reference Book on Hazy Spellbinding
  4749 | D:5      | Learned a level 2 spell: Poisonous Vapours
  4862 | D:5      | Reached skill level 1 in Translocations
  4887 | D:5      | Reached skill level 1 in Hexes
  5680 | D:5      | Reached skill level 1 in Air Magic
  6120 | D:6      | Reached skill level 5 in Spellcasting
  6155 | D:6      | Reached skill level 8 in Conjurations
  6155 | D:6      | Reached XP level 8. HP: 57/57 MP: 8/15
  6305 | D:6      | Found Syot's General Store.
  6310 | D:6      | Bought a scroll of poison for 56 gold pieces
  6310 | D:6      | Bought a +1 cloak for 161 gold pieces
  6755 | D:6      | Found a radiant altar of Vehumet.
  6761 | D:6      | Became a worshipper of Vehumet
  6770 | D:6      | Found a staircase to the Ecumenical Temple.
  6914 | D:6      | Found a sparkling altar of Nemelex Xobeh.
  6973 | D:6      | Found a runed translucent door.
  6974 | D:6      | Noticed Crazy Yiuf
  6983 | D:6      | Killed Crazy Yiuf
  7361 | D:7      | Reached skill level 9 in Conjurations
  7788 | D:7      | Reached skill level 10 in Conjurations
  8051 | D:7      | Reached XP level 9. HP: 62/62 MP: 6/16
  8412 | D:7      | Found an ancient bone altar of Kikubaaqudgha.
  8568 | D:7      | Found a shimmering blue altar of Sif Muna.
  8948 | D:8      | Noticed Joseph
  8956 | D:8      | Paralysed by Joseph for 5 turns
  8963 | D:8      | Killed Joseph
  8964 | D:8      | Reached skill level 11 in Conjurations
  9415 | D:8      | Reached * piety under Vehumet
  9415 | D:8      | Offered knowledge of Freeze by Vehumet.
 10171 | D:8      | Found a transporter.
 10214 | D:8      | Found a transporter.
 10655 | D:9      | Noticed Psyche
 10671 | D:9      | Killed Psyche
 10730 | D:9      | Found a runed translucent gate.
 10731 | D:9      | Found a runed translucent gate.
 10731 | D:9      | Found a runed translucent gate.
 10731 | D:9      | Noticed a green ugly thing
 10732 | D:9      | Noticed a green ugly thing
 10732 | D:9      | Noticed a red ugly thing
 10733 | D:9      | Noticed a red ugly thing
 10733 | D:9      | Noticed a purple ugly thing
 10886 | D:9      | Reached XP level 10. HP: 69/69 MP: 14/19
 11318 | D:9      | Noticed an orange demon
 11318 | D:9      | Noticed Amaemon
 11364 | D:9      | Killed an orange demon
 11364 | D:9      | Reached ** piety under Vehumet
 11365 | D:9      | Reached skill level 12 in Conjurations
 11375 | D:9      | Killed Amaemon
 11591 | D:9      | Upgraded the game from 0.29-a0-841-g116ddc6ace to
                  | 0.29-a0-919-gd064cfad1c
 11625 | D:9      | Offered knowledge of Foxfire by Vehumet.
 11891 | D:9      | Found an iron altar of Okawaru.
 11896 | D:9      | Found a runed translucent door.
 12084 | D:9      | Noticed Maurice
 12221 | D:10     | Entered Level 10 of the Dungeon
 12344 | D:10     | Learned a level 5 spell: Yara's Violent Unravelling
 12426 | D:10     | Found Uhirimiopp's Antique Armour Boutique.
 12490 | D:10     | Bought a pair of gloves for 112 gold pieces
 12645 | D:10     | Noticed Lodul
 12647 | D:10     | Reached skill level 1 in Transmutations
 12655 | D:10     | Killed Lodul
 12920 | D:10     | Reached skill level 13 in Conjurations
 12980 | D:10     | Offered knowledge of Conjure Flame by Vehumet.
 13010 | D:10     | Reached XP level 11. HP: 69/74 MP: 14/22
 13138 | D:10     | Found Kub Ulai's Jewellery Boutique.
 13142 | D:10     | Noticed Sonja
 13154 | D:10     | Reached *** piety under Vehumet
 13305 | D:10     | Killed Sonja
 13449 | D:10     | Found a sacrificial altar of Ru.
 13668 | D:10     | Found a staircase to the Orcish Mines.
 13681 | D:10     | Offered knowledge of Sticky Flame by Vehumet.
 13891 | D:11     | Noticed a boulder beetle
 13912 | D:11     | Killed a boulder beetle
 14092 | D:11     | Learned a level 4 spell: Sticky Flame
 14134 | D:11     | Noticed a two-headed ogre
 14216 | D:11     | Noticed a two-headed ogre
 14236 | D:11     | Killed a two-headed ogre
 14239 | D:11     | Noticed a five-headed hydra
 14243 | D:11     | Killed a five-headed hydra
 14311 | D:11     | Reached skill level 1 in Fire Magic
 14424 | D:11     | Found a staircase to the Lair.
 14461 | D:11     | Reached skill level 14 in Conjurations
 14466 | D:11     | Reached **** piety under Vehumet
 14522 | D:11     | Identified the +0 ring mail of Jabudd {rElec Will+++ Int-4
                  | Stlth+}
 14593 | D:11     | Found a frozen archway.
 14603 | IceCv    | Entered an ice cave
 14631 | IceCv    | Reached skill level 5 in Transmutations
 14995 | IceCv    | Reached XP level 12. HP: 81/81 MP: 9/25
 15261 | IceCv    | Offered knowledge of Mephitic Cloud by Vehumet.
 15341 | IceCv    | Learned a level 3 spell: Mephitic Cloud
 15473 | IceCv    | Noticed a death yak
 15473 | IceCv    | Noticed a death yak
 15474 | IceCv    | Noticed a death yak
 15493 | IceCv    | Killed a death yak
 15495 | IceCv    | Killed a death yak
 15499 | IceCv    | Killed a death yak
 15500 | IceCv    | Reached skill level 15 in Conjurations
 15689 | IceCv    | Reached skill level 10 in Spellcasting
 15751 | IceCv    | Noticed a frost giant
 15977 | IceCv    | HP: 4/81 [frost giant/bolt of cold (65)]
 15980 | IceCv    | Killed from afar by a frost giant

Illustrated notes

Levels and vault maps discovered:
D:1:      beargit_arrival_greenhouse, layout_basic,
          hellmonk_ecumenical_altar_leap_of_faith, serial_rivers,
          chequers_serial_rivers_small_b, chequers_serial_rivers_marsh,
          chequers_serial_rivers_small_b, chequers_serial_rivers_micro_d,
          chequers_serial_rivers_small_b
D:2:      layout_loops_corners, skrybe_limestone_x
D:3:      minmay_octagon_keep, layout_rooms, nicolae_qazlal_scattered_showers,
          marbit_many_paths, mainiacjoe_overflow_six_doors_small, uniq_sigmund
D:4:      nicolae_cairo_tiling_large_dashed, layout_rooms
D:5:      layout_basic
D:6:      layout_rooms, mainiacjoe_overflow_catch_the_wave,
          minmay_temple_entry_grid, serial_shops, nicolae_shop_hallway_stairs,
          serial_glass, glass_columns_b, glass_columns_b,
          uniq_crazy_yiuf_cottage
D:7:      layout_loops_corners, kiku_gazebo_garden_becter, pf_just_have_faith,
          enter_bailey_5
D:8:      gammafunk_steamed_eel, layout_loops_corners, uniq_joseph
D:9:      layout_roguey, lemuel_tele_altar,
          ploomutoo_gammafunk_ghost_potion_laboratory, grunt_ministairs_9,
          lightli_church_of_beogh, uniq_amaemon, uniq_maurice, uniq_psyche
D:10:     layout_rooms, nicolae_ru_sacrificial_ziggurat, zombieorc1_lemuel,
          serial_shops, nicolae_shop_crystal, nicolae_shop_statue_plus,
          uniq_sonja, uniq_lodul
D:11:     layout_basic, due_lair_maze_entry_diamond,
          portal_ice_cave_entry_pillars_2
IceCv:    ice_cave_caverns_01

Skill      XL: |  1  2  3  4  5  6  7  8  9 10 11 12 |
---------------+-------------------------------------+-----
Spellcasting   | 3 4 5 6 7 9 10 | 10.0
Conjurations   | 6 7 8 10 11 13 14 15 | 15.0
Translocations | 1 2 3 4 |  4.4
Hexes          | 1 2 3 4 |  4.1
Air Magic      | 1 3 4 |  4.1
Transmutations | 2 5 6 |  6.1
Fire Magic     | 3 |  3.0
Dodging        | |  1.7
Stealth        | |  1.7

Action                   |  1- 3 |  4- 6 |  7- 9 | 10-12 || total
-------------------------+-------+-------+-------+-------++-------
Melee: Unarmed           |     5 |       |       |       ||     5
       Tailslap          |     1 |       |     4 |    12 ||    17
       Short sword       |     2 |       |       |       ||     2
       Halberd           |       |     2 |    24 |       ||    26
       Spear             |       |       |     5 |    32 ||    37
       Demon whip        |       |       |       |    20 ||    20
 Cast: Magic Dart        |    54 |   105 |   100 |    96 ||   355
       Searing Ray       |     2 |    11 |    58 |    92 ||   163
       Fulminant Prism   |       |       |     5 |    41 ||    46
       Poisonous Vapours |       |       |       |     6 ||     6
       Iskenderun's Myst |       |       |       |     3 ||     3
       Sticky Flame      |       |       |       |     5 ||     5
       Yara's Violent Un |       |       |       |     1 ||     1
 Abil: Breathe Steam     |       |       |     8 |    25 ||    33
  Use: Scroll            |       |       |    18 |     6 ||    24
 Stab: Sleeping          |       |       |       |     1 ||     1
Armor: Skin              |     2 |     5 |    44 |   116 ||   167
Dodge: Dodged            |    11 |    17 |    83 |   152 ||   263

Table legend: (Time is in decaauts)
 A = Elapsed time spent in this place.
 B = Non-inter-level travel time spent in this place.
 C = Inter-level travel time spent in this place.
 D = Time resting spent in this place.
 E = Time spent auto-exploring this place.
 F = Levels seen in this place.
 G = Mean time per level.
                   A        B        C        D        E       F      G
               +--------+--------+--------+--------+--------+-----+--------+
         Total |  16009 |  15592 |    417 |   3946 |   8818 |  12 | 1334.1 |
       Dungeon |  14629 |  14212 |    417 |   3243 |   8748 |  11 | 1329.9 |
      Ice Cave |   1379 |   1379 |      0 |    703 |     70 |   1 | 1379.0 |
               +--------+--------+--------+--------+--------+-----+--------+

Top non-repeatable levels by time:
     D:7: 1877 daAuts
     D:9: 1756 daAuts
    D:10: 1661 daAuts
     D:8: 1583 daAuts
     D:1: 1449 daAuts
   IceCv: 1379 daAuts
     D:5: 1296 daAuts
     D:3: 1278 daAuts
     D:2: 1184 daAuts
     D:6: 1153 daAuts
     D:4: 834 daAuts
    D:11: 555 daAuts
